[Event "GambitGuide"]
[Site "Internet Chess Club"]
[Date "2014.10.31"]
[Round "1"]
[White "JSBach"]
[Black "croder"]
[Result "1-0"]
[ICCResult "Black resigns"]
[WhiteElo "1673"]
[BlackElo "1604"]
[Opening "Vienna: `Frankenstein-Dracula' variation"]
[ECO "C27"]
[NIC "VG.02"]
[Time "21:22:01"]
[TimeControl "120+12"]

1. e4 e5 2. Nc3 Nf6 3. Bc4 Nxe4 4. Qh5 Nd6 5. Bb3 Nc6 6. Nb5 g6 7. Qf3 f5 8.
Qd5 Qe7 9. Nxc7+ Kd8 10. Nxa8 b6 11. d3 Bb7 12. Nxb6 axb6 13. Qf3 Kc7 14.
Be3 Qf6 15. Bd5 h6 16. Ne2 g5 17. c3 Ne7 18. Bxb7 Nxb7 19. Rb1 d5 20. Rf1
Bg7 21. d4 e4 22. Qh5 f4 23. Bd2 Nd6 24. Ng1 Nc4 25. Bc1 Qe6 26. b3 Nd6 27.
Qe2 h5 28. Ba3 Nc6 29. Nh3 Bf6 30. Bxd6+ Qxd6 31. Ng1 g4 32. Qb5 e3 33. Ne2
exf2+ 34. Kxf2 g3+ 35. hxg3 fxg3+ 36. Nxg3 Bh4 37. Kg1 Bxg3 38. Rf5 h4 39.
Qxd5 Qxd5 40. Rxd5 Re8 41. Rf1 Ne7 42. Rf7 Kc6 43. Rg5 Nc8 44. Rf6+ Kb7 45.
Rf7+ Ka6 46. Rgf5 Nd6 47. Rf8 Re1+ 48. Rf1 Re2 49. c4 Rxa2 50. Ra8+ Kb7 51.
Rxa2 {Black resigns} 1-0

[Event "GambitGuide"]
[Site "Internet Chess Club"]
[Date "2014.10.31"]
[Round "1"]
[White "JSBach"]
[Black "croder"]
[Result "1-0"]
[ICCResult "Black resigns"]
[WhiteElo "1673"]
[BlackElo "1604"]
[Opening "Vienna: `Frankenstein-Dracula' variation"]
[ECO "C27"]
[NIC "VG.02"]
[Time "21:24:30"]
[TimeControl "120+12"]

1. e4 e5 2. Nc3 Nf6 3. Bc4 Nxe4 4. Qh5 Nd6 5. Bb3 Nc6 6. Nb5 g6 7. Qf3 f5 8.
Qd5 Qe7 9. Nxc7+ Kd8 10. Nxa8 b6 11. d3 Bb7 12. Nxb6 axb6 13. Qf3 Kc7 14.
Bd2 Qf6 15. Rc1 h6 16. c3 g5 17. Bd5 Ne7 18. c4 g4 19. Qg3 h5 20. c5 Nb5 21.
Bxb7 Kxb7 22. cxb6 d6 23. Qe3 Nd4 24. Ne2 Nxe2 25. Qxe2 Nc6 26. Be3 Bh6 27.
Qd2 Bxe3 28. fxe3 f4 29. Qc3 d5 30. exf4 d4 31. Qc5 Rc8 32. O-O exf4 33. Qb5
f3 34. Qxh5 fxg2 35. Rxf6 {Black resigns} 1-0

[Event "GambitGuide"]
[Site "Internet Chess Club"]
[Date "2014.10.31"]
[Round "1"]
[White "JSBach"]
[Black "TGRUN"]
[Result "1-0"]
[ICCResult "Black resigns"]
[WhiteElo "1677"]
[BlackElo "1796"]
[Opening "Vienna: `Frankenstein-Dracula' variation"]
[ECO "C27"]
[NIC "VG.02"]
[Time "21:23:57"]
[TimeControl "120+12"]

1. e4 e5 2. Nc3 Nf6 3. Bc4 Nxe4 4. Qh5 Nd6 5. Bb3 Nc6 6. Nb5 g6 7. Qf3 f5 8.
Qd5 Qe7 9. Nxc7+ Kd8 10. Nxa8 b6 11. d3 Bb7 12. Nxb6 axb6 13. Qf3 Kc7 14.
Bd2 Bg7 15. c3 e4 16. dxe4 Nxe4 17. Be3 Rf8 18. Rd1 f4 19. Bxf4+ Kc8 20. Ne2
g5 21. Bd5 Nc5 22. Bxc6 Bxc6 23. Bd6 Rxf3 24. Bxe7 Rf7 25. Bxg5 Ne4 26. Bf4
d5 27. f3 Nf6 28. O-O Nh5 29. Be3 Be5 30. Bd4 Bc7 31. Kf2 Kb7 32. Rfe1 Nf4
33. Nxf4 Bxf4 34. g3 Bc7 35. f4 h5 36. Be5 h4 37. Rd4 hxg3+ 38. hxg3 b5 39.
Bxc7 Kxc7 40. g4 Kd6 41. g5 Bd7 42. Rb4 Rh7 43. Re2 Rh2+ 44. Ke3 Rh3+ 45.
Kd2 Rh2 46. Rxh2 {Black resigns} 1-0

[Event "GambitGuide"]
[Site "Internet Chess Club"]
[Date "2014.10.31"]
[Round "1"]
[White "JSBach"]
[Black "Svinotigr"]
[Result "0-1"]
[ICCResult "White checkmated"]
[WhiteElo "1660"]
[BlackElo "1757"]
[Opening "Vienna: `Frankenstein-Dracula' variation"]
[ECO "C27"]
[NIC "VG.02"]
[Time "21:19:03"]
[TimeControl "120+12"]

1. e4 e5 2. Nc3 Nf6 3. Bc4 Nxe4 4. Qh5 Nd6 5. Bb3 Nc6 6. Nb5 g6 7. Qf3 f5 8.
Qd5 Qe7 9. Nxc7+ Kd8 10. Nxa8 b6 11. d3 Bb7 12. Nxb6 axb6 13. Qf3 Nd4 14.
Qh3 e4 15. Be3 exd3 16. O-O-O Nxb3+ 17. cxb3 Bg7 18. Bxb6+ Kc8 19. Kb1 Qe5
20. Rc1+ Bc6 21. Bd4 Qxd4 22. Rc3 d2 23. Nf3 d1=Q+ 24. Rxd1 Qxd1+ 25. Rc1
Qd5 26. Ka1 Kd8 27. Re1 Ne4 28. b4 Qe6 29. Kb1 Qf6 30. Re2 g5 31. Qh5 Qd6
32. Kc1 Qxb4 33. Nxg5 Qc4+ 34. Kb1 Bd5 35. Nxh7 Rxh7 36. Qxh7 Qxe2 37. Qh4+
Bf6 38. Qxf6+ Nxf6 39. b4 Qxa2+ 40. Kc1 Ne4 41. h3 Qd2+ 42. Kb1 Nc3+ 43. Ka1
Qa2# {White checkmated} 0-1

[Event "GambitGuide"]
[Site "Internet Chess Club"]
[Date "2014.10.31"]
[Round "1"]
[White "JSBach"]
[Black "croder"]
[Result "1-0"]
[ICCResult "Black checkmated"]
[WhiteElo "1660"]
[BlackElo "1604"]
[Opening "Vienna: `Frankenstein-Dracula' variation"]
[ECO "C27"]
[NIC "VG.02"]
[Time "21:25:44"]
[TimeControl "120+12"]

1. e4 e5 2. Nc3 Nf6 3. Bc4 Nxe4 4. Qh5 Nd6 5. Bb3 Nc6 6. Nb5 g6 7. Qf3 f5 8.
Qd5 Qe7 9. Nxc7+ Kd8 10. Nxa8 b6 11. d3 Bb7 12. Nxb6 axb6 13. Qf3 Kc7 14.
Be3 Qf6 15. Bd5 h6 16. c4 Ne7 17. Rc1 g5 18. c5 bxc5 19. Bxb7 Nxb7 20. Bxc5
Nxc5 21. Rxc5+ Kd8 22. Qa8+ Nc8 23. Qxc8+ Ke7 24. Rc7 Qe6 25. a4 Bg7 26. Qb7
Rd8 27. h4 e4 28. hxg5 hxg5 29. Rh3 exd3+ 30. Re3 Qxe3+ 31. fxe3 f4 32. exf4
gxf4 33. Qe4+ Kd6 34. Rb7 Be5 35. Rb6+ Kc7 36. Qb7# {Black checkmated} 1-0

[Event "GambitGuide"]
[Site "Internet Chess Club"]
[Date "2014.10.31"]
[Round "1"]
[White "JSBach"]
[Black "ericsfriend"]
[Result "1-0"]
[ICCResult "Black resigns"]
[WhiteElo "1660"]
[BlackElo "1153"]
[Opening "Vienna: `Frankenstein-Dracula' variation"]
[ECO "C27"]
[NIC "VG.02"]
[Time "21:20:45"]
[TimeControl "120+12"]

1. e4 e5 2. Nc3 Nf6 3. Bc4 Nxe4 4. Qh5 Nd6 5. Bb3 Nc6 6. Nb5 g6 7. Qf3 f5 8.
Qd5 Qe7 9. Nxc7+ Kd8 10. Nxa8 b6 11. d3 e4 12. dxe4 Bb7 13. e5 Nxe5 14. Bg5
Nf3+ 15. Kf1 Nxg5 16. Qd4 Bxa8 17. Qxh8 Kc7 18. Re1 Bxg2+ 19. Kxg2 Qxe1 20.
Qxf8 Nde4 21. Nh3 Qd2 22. Qh6 Qd4 23. Nxg5 Qxf2+ 24. Kh3 Qe3+ 25. Kh4 Qf2+
26. Kh3 Qe3+ 27. Kh4 Qf2+ 28. Kh3 Qe3+ 29. Kg2 Qf2+ 30. Kh3 Qe3+ 31. Kh4
Qf2+ 32. Kh3 Qe3+ 33. Kh4 Qf2+ 34. Kh3 Qe3+ 35. Kh4 Qf4+ 36. Kh3 Nf2+ 37.
Kg2 Nxh1 38. Ne6+ dxe6 39. Qxf4+ {Black resigns} 1-0

[Event "GambitGuide"]
[Site "Internet Chess Club"]
[Date "2014.10.31"]
[Round "1"]
[White "JSBach"]
[Black "croder"]
[Result "1-0"]
[ICCResult "Black resigns"]
[WhiteElo "1660"]
[BlackElo "1604"]
[Opening "Vienna: `Frankenstein-Dracula' variation"]
[ECO "C27"]
[NIC "VG.02"]
[Time "21:26:39"]
[TimeControl "120+12"]

1. e4 e5 2. Nc3 Nf6 3. Bc4 Nxe4 4. Qh5 Nd6 5. Bb3 Nc6 6. Nb5 g6 7. Qf3 f5 8.
Qd5 Qe7 9. Nxc7+ Kd8 10. Nxa8 b6 11. d3 Bb7 12. Nxb6 axb6 13. Qf3 Kc7 14.
Bd2 Qf6 15. Rc1 h6 16. c3 g5 17. Ne2 Nd4 18. cxd4+ Kb8 19. d5 e4 20. dxe4
Nxe4 21. Bc3 Qxc3+ 22. Nxc3 Bg7 23. Qxf5 Bxc3+ 24. bxc3 Nd6 25. Qxd7 Ne4 26.
Qe7 Nc5 27. Qe5+ Ka7 28. Qxh8 {Black resigns} 1-0

[Event "GambitGuide"]
[Site "Internet Chess Club"]
[Date "2014.10.31"]
[Round "1"]
[White "JSBach"]
[Black "TGRUN"]
[Result "1-0"]
[ICCResult "Black resigns"]
[WhiteElo "1660"]
[BlackElo "1796"]
[Opening "Vienna: `Frankenstein-Dracula' variation"]
[ECO "C27"]
[NIC "VG.02"]
[Time "21:26:14"]
[TimeControl "120+12"]

1. e4 e5 2. Nc3 Nf6 3. Bc4 Nxe4 4. Qh5 Nd6 5. Bb3 Nc6 6. Nb5 g6 7. Qf3 f5 8.
Qd5 Qe7 9. Nxc7+ Kd8 10. Nxa8 b6 11. d3 Bb7 12. Nxb6 axb6 13. Qf3 Kc7 14.
Bd2 e4 15. Qe3 h5 16. Bd5 Bh6 17. f4 Re8 18. O-O-O Bg7 19. Re1 Nb5 20. dxe4
Qf6 21. e5 Qe7 22. a4 Nba7 23. Qg3 Qc5 24. Qxg6 Re7 25. Bf7 Nd8 26. Be3 Qb4
27. c3 Qxa4 28. Qd6+ Kc8 29. Qxe7 {Black resigns} 1-0

[Event "GambitGuide"]
[Site "Internet Chess Club"]
[Date "2014.10.31"]
[Round "1"]
[White "JSBach"]
[Black "croder"]
[Result "1-0"]
[ICCResult "Black checkmated"]
[WhiteElo "1660"]
[BlackElo "1604"]
[Opening "Vienna: `Frankenstein-Dracula' variation"]
[ECO "C27"]
[NIC "VG.02"]
[Time "21:28:39"]
[TimeControl "120+12"]

1. e4 e5 2. Nc3 Nf6 3. Bc4 Nxe4 4. Qh5 Nd6 5. Bb3 Nc6 6. Nb5 g6 7. Qf3 f5 8.
Qd5 Qe7 9. Nxc7+ Kd8 10. Nxa8 b6 11. d3 Bb7 12. Nxb6 axb6 13. Qf3 Kc7 14.
Bd2 Qf6 15. c3 h6 16. Bd5 Ne7 17. Bxb7 Nxb7 18. Ne2 d5 19. Be3 f4 20. g3 g5
21. Bd2 Bg7 22. Rc1 Nc5 23. d4 exd4 24. cxd4 Qxd4 25. Nxd4 Bxd4 26. Bxf4+
gxf4 27. Qxf4+ Kc6 28. Qxd4 Re8 29. Qa4+ b5 30. Qa6+ Kd7 31. Qxb5+ Kd8 32.
Qxc5 Nf5+ 33. Kd1 d4 34. Qc7# {Black checkmated} 1-0

[Event "GambitGuide"]
[Site "Internet Chess Club"]
[Date "2014.10.31"]
[Round "1"]
[White "JSBach"]
[Black "TGRUN"]
[Result "0-1"]
[ICCResult "White checkmated"]
[WhiteElo "1660"]
[BlackElo "1796"]
[Opening "Vienna: `Frankenstein-Dracula' variation"]
[ECO "C27"]
[NIC "VG.02"]
[Time "21:27:59"]
[TimeControl "120+12"]

1. e4 e5 2. Nc3 Nf6 3. Bc4 Nxe4 4. Qh5 Nd6 5. Bb3 Nc6 6. Nb5 g6 7. Qf3 f5 8.
Qd5 Qe7 9. Nxc7+ Kd8 10. Nxa8 b6 11. d3 Bb7 12. Nxb6 axb6 13. Qf3 Bg7 14.
Be3 Kc7 15. Bd5 Rf8 16. Rd1 e4 17. Qf4 Be5 18. Qh6 exd3 19. Rxd3 f4 20. Nf3
fxe3 21. Bxc6 Bxc6 22. Nxe5 exf2+ 23. Kf1 Qxe5 24. Qc1 Re8 25. Qe3 Qxe3 26.
Rxe3 Rxe3 27. Kxf2 Re8 28. Rc1 Rf8+ 29. Kg1 Ne4 30. Re1 d5 31. g3 Rf7 32.
Re3 Nd2 33. h4 Nc4 34. Rb3 d4 35. Rb4 b5 36. b3 Ne3 37. g4 Nxc2 38. Rxb5
Bxb5 39. a4 d3 40. axb5 d2 41. b6+ Kb7 42. Kh1 d1=Q+ 43. Kh2 Rf2+ 44. Kg3
Qf3# {White checkmated} 0-1

[Event "GambitGuide"]
[Site "Internet Chess Club"]
[Date "2014.10.31"]
[Round "1"]
[White "JSBach"]
[Black "graccus"]
[Result "1-0"]
[ICCResult "Black resigns"]
[WhiteElo "1660"]
[BlackElo "1364"]
[Opening "Vienna: `Frankenstein-Dracula' variation"]
[ECO "C27"]
[NIC "VG.02"]
[Time "21:26:20"]
[TimeControl "120+12"]

1. e4 e5 2. Nc3 Nf6 3. Bc4 Nxe4 4. Qh5 Nd6 5. Bb3 Nc6 6. Nb5 g6 7. Qf3 f5 8.
Qd5 Qe7 9. Nxc7+ Kd8 10. Nxa8 b6 11. d3 Bb7 12. Nxb6 axb6 13. Qf3 f4 14. Bd2
Nd4 15. Qg4 Qf6 16. Ba4 Bc6 17. Bb3 h5 18. Qh3 g5 19. f3 g4 20. fxg4 hxg4
21. Qxg4 Rh4 22. Qg8 Rh8 23. Qg4 Rh6 24. Nf3 Rg6 25. Qh3 Rh6 26. Qg4 Rg6 27.
Qh3 Rh6 28. Qg4 Rg6 29. Qh3 Rh6 30. Qg4 Rg6 31. Qh3 Nxf3+ 32. gxf3 Qg7 33.
O-O-O Rg2 34. d4 Nb5 35. dxe5 Nd4 36. Rhf1 {Black resigns} 1-0

[Event "GambitGuide"]
[Site "Internet Chess Club"]
[Date "2014.10.31"]
[Round "1"]
[White "JSBach"]
[Black "ericsfriend"]
[Result "1-0"]
[ICCResult "Black checkmated"]
[WhiteElo "1660"]
[BlackElo "1153"]
[Opening "Vienna: `Frankenstein-Dracula' variation"]
[ECO "C27"]
[NIC "VG.02"]
[Time "21:26:55"]
[TimeControl "120+12"]

1. e4 e5 2. Nc3 Nf6 3. Bc4 Nxe4 4. Qh5 Nd6 5. Bb3 Nc6 6. Nb5 g6 7. Qf3 f5 8.
Qd5 Qe7 9. Nxc7+ Kd8 10. Nxa8 b6 11. d3 e4 12. dxe4 Nxe4 13. Be3 Ne5 14.
O-O-O h5 15. f4 Ng4 16. Bd4 Bg7 17. Re1 Bxd4 18. Qxd4 Re8 19. Nxb6 Bb7 20.
Nd5 Bxd5 21. Qxd5 Ngf2 22. Qa8+ Kc7 23. Qxa7+ Kd6 24. Qb6# {Black
checkmated} 1-0

[Event "GambitGuide"]
[Site "Internet Chess Club"]
[Date "2014.10.31"]
[Round "1"]
[White "JSBach"]
[Black "FischerKing"]
[Result "1-0"]
[ICCResult "Black resigns"]
[WhiteElo "1660"]
[BlackElo "1739"]
[Opening "Vienna: `Frankenstein-Dracula' variation"]
[ECO "C27"]
[NIC "VG.02"]
[Time "21:27:10"]
[TimeControl "120+12"]

1. e4 e5 2. Nc3 Nf6 3. Bc4 Nxe4 4. Qh5 Nd6 5. Bb3 Nc6 6. Nb5 g6 7. Qf3 f5 8.
Qd5 Qe7 9. Nxc7+ Kd8 10. Nxa8 b6 11. d3 Nd4 12. h4 Bg7 13. Bg5 Bf6 14. Bxf6
Qxf6 15. O-O-O Bb7 16. Nxb6 Bxd5 17. Nxd5 Qg7 18. Re1 Re8 19. Bc4 Nxc4 20.
dxc4 Re6 21. c3 Nc6 22. Kb1 e4 23. h5 g5 24. c5 h6 25. Ne2 Ne5 26. Nd4 Nd3
27. Nxe6+ dxe6 28. Ne3 Nxe1 29. Rxe1 Qe5 30. Rd1+ Ke7 31. c6 Kf6 32. Rd7 Qb5
33. Rd6 Ke5 34. c7 Qc5 35. Rd7 f4 36. Ng4+ Kf5 37. Nxh6+ Ke5 38. Nf7+ Kf6
39. Nd6 Qxf2 40. Nxe4+ Ke5 41. Nxf2 {Black resigns} 1-0

[Event "GambitGuide"]
[Site "Internet Chess Club"]
[Date "2014.10.31"]
[Round "1"]
[White "JSBach"]
[Black "croder"]
[Result "1-0"]
[ICCResult "Black resigns"]
[WhiteElo "1660"]
[BlackElo "1604"]
[Opening "Vienna: `Frankenstein-Dracula' variation"]
[ECO "C27"]
[NIC "VG.02"]
[Time "21:29:45"]
[TimeControl "120+12"]

1. e4 e5 2. Nc3 Nf6 3. Bc4 Nxe4 4. Qh5 Nd6 5. Bb3 Nc6 6. Nb5 g6 7. Qf3 f5 8.
Qd5 Qe7 9. Nxc7+ Kd8 10. Nxa8 b6 11. d3 Bb7 12. Nxb6 axb6 13. Qf3 Kc7 14. c3
Qf6 15. Bd5 h6 16. Be3 Ne7 17. Bxb7 Nxb7 18. Rd1 d5 19. Ne2 g5 20. h3 f4 21.
O-O Bg7 22. Bd2 h5 23. Rfe1 Nd6 24. Rc1 Kd7 25. Rb1 Nef5 26. Qxd5 Nh4 27.
Qb3 b5 28. Qb4 g4 29. d4 gxh3 30. dxe5 Qxe5 31. Bxf4 Qd5 32. Qxd6+ Qxd6 33.
Bxd6 Kxd6 34. Red1+ Kc6 35. gxh3 Be5 36. f4 Bd6 37. Nd4+ Kc7 38. Nxb5+ Kc6
39. Nxd6 Rg8+ 40. Kh1 Nf3 41. b4 Rg3 42. Nf5 Rxh3+ 43. Kg2 Nh4+ 44. Kxh3
Nxf5 45. b5+ Kb6 46. a4 {Black resigns} 1-0

[Event "GambitGuide"]
[Site "Internet Chess Club"]
[Date "2014.10.31"]
[Round "1"]
[White "JSBach"]
[Black "Svinotigr"]
[Result "1-0"]
[ICCResult "Black resigns"]
[WhiteElo "1660"]
[BlackElo "1757"]
[Opening "Vienna: `Frankenstein-Dracula' variation"]
[ECO "C27"]
[NIC "VG.02"]
[Time "21:26:28"]
[TimeControl "120+12"]

1. e4 e5 2. Nc3 Nf6 3. Bc4 Nxe4 4. Qh5 Nd6 5. Bb3 Nc6 6. Nb5 g6 7. Qf3 f5 8.
Qd5 Qe7 9. Nxc7+ Kd8 10. Nxa8 b6 11. d3 Bb7 12. Nxb6 axb6 13. Qf3 Nd4 14.
Qg3 Bg7 15. Bg5 Bf6 16. Bxf6 Qxf6 17. Ba4 f4 18. Qh3 b5 19. Bb3 e4 20. dxe4
Nxe4 21. Rd1 Re8 22. Kf1 b4 23. Qd3 Ba6 24. Bc4 Bxc4 25. Qxc4 Nf5 26. Qb5
Ne3+ 27. fxe3 fxe3+ 28. Nf3 e2+ 29. Qxe2 Ng3+ 30. hxg3 Rxe2 31. Kxe2 Qxb2
32. Rxh7 Qxc2+ 33. Rd2 Qe4+ 34. Kf2 d5 35. Rh4 {Black resigns} 1-0

[Event "GambitGuide"]
[Site "Internet Chess Club"]
[Date "2014.10.31"]
[Round "1"]
[White "JSBach"]
[Black "Ur"]
[Result "1-0"]
[ICCResult "Black resigns"]
[WhiteElo "1660"]
[BlackElo "1400"]
[Opening "Vienna: `Frankenstein-Dracula' variation"]
[ECO "C27"]
[NIC "VG.02"]
[Time "21:31:08"]
[TimeControl "120+12"]

1. e4 e5 2. Nc3 Nf6 3. Bc4 Nxe4 4. Qh5 Nd6 5. Bb3 Nc6 6. Nb5 g6 7. Qf3 f5 8.
Qd5 Qe7 9. Nxc7+ Kd8 10. Nxa8 b6 11. d3 Bb7 12. Nxb6 axb6 13. Qf3 Nd4 14.
Qg3 f4 15. Qg4 N6f5 16. c3 Nxb3 17. axb3 Kc7 18. Nf3 Bg7 19. Bd2 Re8 20. O-O
d6 21. Rfe1 Qd7 22. d4 e4 23. Nh4 Bf6 24. Nxf5 gxf5 25. Qxf4 Rg8 26. Re2 e3
27. fxe3 Bg5 28. Qf2 Qe6 29. Ra7 Kb8 30. Ra1 Kc7 31. b4 Qd5 32. Qg3 Rg7 33.
Rf2 Bh6 34. Qh3 {Black resigns} 1-0

[Event "GambitGuide"]
[Site "Internet Chess Club"]
[Date "2014.10.31"]
[Round "1"]
[White "JSBach"]
[Black "RamRock"]
[Result "1-0"]
[ICCResult "Black resigns"]
[WhiteElo "1660"]
[BlackElo "1685"]
[Opening "Vienna: `Frankenstein-Dracula' variation"]
[ECO "C27"]
[NIC "VG.02"]
[Time "21:26:00"]
[TimeControl "120+12"]

1. e4 e5 2. Nc3 Nf6 3. Bc4 Nxe4 4. Qh5 Nd6 5. Bb3 Nc6 6. Nb5 g6 7. Qf3 f5 8.
Qd5 Qe7 9. Nxc7+ Kd8 10. Nxa8 b6 11. d3 Bb7 12. Nxb6 axb6 13. Qf3 Nd4 14.
Qh3 f4 15. Ba4 b5 16. Bb3 e4 17. Bxf4 exd3+ 18. Kf1 N6f5 19. Re1 Qc5 20. Re5
Qc6 21. Bd5 Qa6 22. Bxb7 Qxb7 23. Qxd3 Bg7 24. Re4 Qc6 25. c3 Ne6 26. Be5
Bxe5 27. Rxe5 Nc5 28. Qh3 Qd6 29. Nf3 Nd3 30. Rxb5 Re8 31. Qxh7 Nf4 32. Ne1
Rxe1+ 33. Kxe1 Qe6+ 34. Kd2 Qe2+ 35. Kc1 Nd3+ 36. Kb1 Ne1 37. Qh8+ Ke7 38.
Re5+ Kd6 39. Qb8+ Kc6 40. Rxe2 {Black resigns} 1-0

[Event "GambitGuide"]
[Site "Internet Chess Club"]
[Date "2014.10.31"]
[Round "1"]
[White "JSBach"]
[Black "croder"]
[Result "1-0"]
[ICCResult "Black checkmated"]
[WhiteElo "1676"]
[BlackElo "1604"]
[Opening "Vienna: `Frankenstein-Dracula' variation"]
[ECO "C27"]
[NIC "VG.02"]
[Time "21:31:07"]
[TimeControl "120+12"]

1. e4 e5 2. Nc3 Nf6 3. Bc4 Nxe4 4. Qh5 Nd6 5. Bb3 Nc6 6. Nb5 g6 7. Qf3 f5 8.
Qd5 Qe7 9. Nxc7+ Kd8 10. Nxa8 b6 11. d3 Bb7 12. Nxb6 axb6 13. Qf3 Kc7 14.
Bd2 Qf6 15. Bc3 h6 16. Bd5 Ne7 17. Bxb7 Nxb7 18. Qe3 d6 19. d4 Nc6 20. dxe5
dxe5 21. Nf3 Bd6 22. Rd1 Re8 23. Qxh6 Nc5 24. Nh4 Rg8 25. b4 Ne6 26. b5 Ncd4
27. Rd2 Nc5 28. f4 Ne4 29. fxe5 Bxe5 30. Bxd4 Bxd4 31. Rxd4 Qxd4 32. Qh7+
Rg7 33. Qh6 Re7 34. Nxg6 Qf2+ 35. Kd1 Rd7+ 36. Kc1 Qxg2 37. Re1 Qf2 38. Qf4+
Qxf4+ 39. Nxf4 Rh7 40. h3 Kd6 41. a4 Kc5 42. Rd1 Kb4 43. Rd4+ Ka5 44. Rd5
Kxa4 45. Rxf5 Nf2 46. Nd5 Nxh3 47. Nxb6+ Ka5 48. Nd5 Rd7 49. c4 Ng1 50. Kd2
Rg7 51. b6 Ka6 52. c5 Kb7 53. Rf6 Rd7 54. c6+ Kc8 55. Rf8+ Rd8 56. b7+ Kb8
57. Rxd8+ Ka7 58. Ra8# {Black checkmated} 1-0

[Event "GambitGuide"]
[Site "Internet Chess Club"]
[Date "2014.10.31"]
[Round "1"]
[White "JSBach"]
[Black "Acerook"]
[Result "1-0"]
[ICCResult "Black checkmated"]
[WhiteElo "1676"]
[BlackElo "2126"]
[Opening "Vienna: `Frankenstein-Dracula' variation"]
[ECO "C27"]
[NIC "VG.02"]
[Time "21:33:17"]
[TimeControl "120+12"]

1. e4 e5 2. Nc3 Nf6 3. Bc4 Nxe4 4. Qh5 Nd6 5. Bb3 Nc6 6. Nb5 g6 7. Qf3 f5 8.
Qd5 Qe7 9. Nxc7+ Kd8 10. Nxa8 b6 11. d3 Bb7 12. Nxb6 axb6 13. Qf3 Nd4 14.
Qh3 Bg7 15. Be3 Nxb3 16. Bxb6+ Ke8 17. axb3 Kf7 18. b4 Rc8 19. Bc5 Qe6 20.
Ra7 Bc6 21. Nf3 Kg8 22. Ng5 Qf6 23. Qxh7+ Kf8 24. O-O Qxg5 25. Bxd6+ Ke8 26.
Qg8+ Bf8 27. Qxf8# {Black checkmated} 1-0

[Event "GambitGuide"]
[Site "Internet Chess Club"]
[Date "2014.10.31"]
[Round "1"]
[White "JSBach"]
[Black "luckypawns"]
[Result "0-1"]
[ICCResult "White checkmated"]
[WhiteElo "1676"]
[BlackElo "1817"]
[Opening "Vienna: `Frankenstein-Dracula' variation"]
[ECO "C27"]
[NIC "VG.02"]
[Time "21:30:07"]
[TimeControl "120+12"]

1. e4 e5 2. Nc3 Nf6 3. Bc4 Nxe4 4. Qh5 Nd6 5. Bb3 Nc6 6. Nb5 g6 7. Qf3 f5 8.
Qd5 Qe7 9. Nxc7+ Kd8 10. Nxa8 b6 11. d3 Bb7 12. Nxb6 axb6 13. Qf3 Nd4 14.
Qh3 Bg7 15. Be3 h5 16. Rd1 g5 17. Bxd4 exd4+ 18. Kf1 g4 19. Qg3 Be5 20. Re1
f4 21. Rxe5 Qxe5 22. Qh4+ Kc7 23. f3 Re8 24. Qf2 g3 25. hxg3 fxg3 26. Qd2
Nf5 27. Ne2 Ne3+ 28. Kg1 Rf8 29. Qb4 Rxf3 30. gxf3 Bxf3 31. Nxd4 Bxh1 32.
Kxh1 g2+ 33. Kg1 h4 34. Nf3 Qg3 35. Nxh4 Ng4 36. Qc3+ Kb8 37. Qh8+ Kc7 38.
Qc3+ Kb8 39. Qh8+ Ka7 40. Qa8+ Kxa8 41. Bd5+ Ka7 42. Bxg2 Qxh4 43. c4 Qf2+
44. Kh1 Ne3 45. Bh3 Qxb2 46. c5 bxc5 47. a4 Qb1+ 48. Kh2 Qxd3 49. a5 c4 50.
Kg3 c3 51. Kf3 c2 52. Bxd7 c1=Q 53. Bh3 Nf1+ 54. Kg2 Qg3+ 55. Kh1 Qc6+ 56.
Bg2 Qcxg2# {White checkmated} 0-1

[Event "GambitGuide"]
[Site "Internet Chess Club"]
[Date "2014.10.31"]
[Round "1"]
[White "JSBach"]
[Black "croder"]
[Result "1-0"]
[ICCResult "Black checkmated"]
[WhiteElo "1676"]
[BlackElo "1604"]
[Opening "Vienna: `Frankenstein-Dracula' variation"]
[ECO "C27"]
[NIC "VG.02"]
[Time "21:33:47"]
[TimeControl "120+12"]

1. e4 e5 2. Nc3 Nf6 3. Bc4 Nxe4 4. Qh5 Nd6 5. Bb3 Nc6 6. Nb5 g6 7. Qf3 f5 8.
Qd5 Qe7 9. Nxc7+ Kd8 10. Nxa8 b6 11. d3 Bb7 12. Nxb6 axb6 13. Qf3 Kc7 14.
Bd2 Qf6 15. Be3 h6 16. Bd5 Ne7 17. Bxb7 Nxb7 18. c3 d5 19. Ne2 Nd6 20. d4 e4
21. Qf4 Kc6 22. Qe5 Qxe5 23. dxe5 Nf7 24. Nd4+ Kb7 25. Bf4 Bg7 26. e6 Nd8
27. Be3 Bxd4 28. Bxd4 Rg8 29. Bf6 Nec6 30. e7 Ne6 31. h4 Re8 32. h5 g5 33.
O-O-O Nxe7 34. Bxe7 Rxe7 35. Rxd5 Rf7 36. Rd6 Rf6 37. Rhd1 Kc7 38. Kc2 f4
39. Rd7+ Kc6 40. R1d6+ Kc5 41. b4+ Kb5 42. Rb7 e3 43. Rbxb6+ Ka4 44. Ra6+
Kb5 45. a4+ Kc4 46. Rac6+ Nc5 47. Rxc5# {Black checkmated} 1-0

[Event "GambitGuide"]
[Site "Internet Chess Club"]
[Date "2014.10.31"]
[Round "1"]
[White "JSBach"]
[Black "ericsfriend"]
[Result "1-0"]
[ICCResult "Black resigns"]
[WhiteElo "1676"]
[BlackElo "1153"]
[Opening "Vienna: `Frankenstein-Dracula' variation"]
[ECO "C27"]
[NIC "VG.02"]
[Time "21:30:48"]
[TimeControl "120+12"]

1. e4 e5 2. Nc3 Nf6 3. Bc4 Nxe4 4. Qh5 Nd6 5. Bb3 Nc6 6. Nb5 g6 7. Qf3 f5 8.
Qd5 Qe7 9. Nxc7+ Kd8 10. Nxa8 b6 11. d3 e4 12. dxe4 Bb7 13. e5 Nxe5 14. Bg5
Bxd5 15. Bxe7+ Bxe7 16. Bxd5 Re8 17. f4 Ng4 18. c3 Bh4+ 19. Kd2 Nf2 20. Nf3
Nde4+ 21. Bxe4 Nxe4+ 22. Kc2 Bf6 23. Rhe1 Kc8 24. Ng5 Bxg5 25. fxg5 Kb7 26.
Rad1 Rd8 27. Nxb6 axb6 28. h4 Kc6 29. a4 d5 30. Rd4 Ra8 31. Red1 Rd8 32. c4
Nf2 33. cxd5+ Kd6 34. Rc1 Rc8+ 35. Kb1 Rxc1+ 36. Kxc1 Ne4 37. Kc2 Nc5 38.
Kc3 Ne4+ 39. Kc4 Nc5 40. Kb4 Ne6 41. dxe6+ Kxe6 42. a5 {Black resigns} 1-0

[Event "GambitGuide"]
[Site "Internet Chess Club"]
[Date "2014.10.31"]
[Round "1"]
[White "JSBach"]
[Black "luckypawns"]
[Result "1-0"]
[ICCResult "Black resigns"]
[WhiteElo "1676"]
[BlackElo "1817"]
[Opening "Vienna: `Frankenstein-Dracula' variation"]
[ECO "C27"]
[NIC "VG.02"]
[Time "21:35:40"]
[TimeControl "120+12"]

1. e4 e5 2. Nc3 Nf6 3. Bc4 Nxe4 4. Qh5 Nd6 5. Bb3 Nc6 6. Nb5 g6 7. Qf3 f5 8.
Qd5 Qe7 9. Nxc7+ Kd8 10. Nxa8 b6 11. d3 Bb7 12. Nxb6 axb6 13. Qf3 Nd4 14.
Qh3 Bg7 15. Be3 h5 16. Ne2 g5 17. c3 g4 18. Qg3 Nxe2 19. Bxb6+ Kc8 20. Qe3
Nf4 21. Qc5+ Kb8 22. Bc7+ Kc8 23. Bxd6+ {Black resigns} 1-0

[Event "GambitGuide"]
[Site "Internet Chess Club"]
[Date "2014.10.31"]
[Round "1"]
[White "JSBach"]
[Black "Acerook"]
[Result "0-1"]
[ICCResult "White checkmated"]
[WhiteElo "1676"]
[BlackElo "2126"]
[Opening "Vienna: `Frankenstein-Dracula' variation"]
[ECO "C27"]
[NIC "VG.02"]
[Time "21:34:17"]
[TimeControl "120+12"]

1. e4 e5 2. Nc3 Nf6 3. Bc4 Nxe4 4. Qh5 Nd6 5. Bb3 Nc6 6. Nb5 g6 7. Qf3 f5 8.
Qd5 Qe7 9. Nxc7+ Kd8 10. Nxa8 b6 11. d3 Bb7 12. Nxb6 axb6 13. Qf3 Nd4 14.
Qh3 Bg7 15. Be3 f4 16. Bxd4 exd4+ 17. Kf1 Nf5 18. Ne2 Qg5 19. Re1 Re8 20.
Bf7 Re7 21. Bc4 Nh4 22. Rg1 h5 23. c3 dxc3 24. bxc3 Nf5 25. d4 Qf6 26. Rh1
g5 27. Qxh5 Ne3+ 28. fxe3 fxe3+ 29. Nf4 Qxf4+ 30. Qf3 Bxf3 31. Kg1 Bxg2 32.
Rxe3 Qf1+ 33. Bxf1 Rxe3 34. Kxg2 Rxc3 35. Be2 Bxd4 36. Rd1 Rc2 37. Kf3 Bc5
38. h3 Rxa2 39. Bb5 d6 40. Rd5 Rb2 41. Bd3 Rb3 42. Kg4 Ke7 43. Kh5 Rc3 44.
Kxg5 Ke6 45. Be4 Re3 46. Kf4 Rxh3 47. Bf5+ Kxd5 48. Bxh3 Kc4 49. Bf5 b5 50.
Be4 b4 51. Bf3 Kc3 52. Bg2 b3 53. Be4 b2 54. Bf5 d5 55. Ke5 d4 56. Kd5 d3
57. Kxc5 b1=Q 58. Kd5 Qb5+ 59. Ke6 Qxf5+ 60. Kxf5 d2 61. Ke4 d1=Q 62. Ke5
Qd4+ 63. Kf5 Kc4 64. Kg5 Qe4 65. Kf6 Qd5 66. Kg6 Qe5 67. Kf7 Qd6 68. Kg8 Qc7
69. Kf8 Kd5 70. Ke8 Ke6 71. Kf8 Qf7# {White checkmated} 0-1